 Dungeon Crawl Stone Soup version 0.28.0 (webtiles) character file.

Game seed: 7152341060971962740

749 xSliceyx the Magician (level 8, -1/50 HPs)
             Began as a Djinni Ice Elementalist on Feb 5, 2022.
             Slain by an ogre (22 damage)
             ... on level 5 of the Dungeon.
             The game lasted 00:18:58 (6037 turns).

xSliceyx the Magician (Djinni Ice Elementalist)     Turns: 6037, Time: 00:19:00

Health: -1/50      AC:  5    Str: 19    XL:     8   Next: 6%
Gold:   232        EV: 12    Int: 19    God:
                   SH:  0    Dex: 14

rFire   + + +      SeeInvis .   p - +1 whip of Cobwebs {vorpal, rF+ rCorr Str+6}
rCold   x . .      Faith    .   (no shield)
rNeg    . . .      Spirit   .   a - +0 robe
rPois   ∞          Reflect  .   l - +2 hat
rElec   .          Harm     .   (no cloak)
rCorr   +          Rampage  .   m - +0 pair of gloves
Will    .....                   (boots unavailable)
Stlth   ++........              (no amulet)
HPRegen 0.16/turn               j - +6 ring of strength
MPRegen 0.00/turn               (no ring)

@: freezing walls, flying
A: sickness immunity, fire resistance 2, cold vulnerability 1, float, innate
caster, HP casting, extra vitality 1
a: no special abilities


You were on level 5 of the Dungeon.
You visited 1 branch of the dungeon, and saw 5 of its levels.

You collected 232 gold pieces.

Inventory:

Hand Weapons
 b - a +0 mace
 e - a +3 dagger
 p - the +1 whip of Cobwebs (weapon) {vorpal, rF+ rCorr Str+6}
   (You found it on level 3 of the Dungeon)

   It inflicts extra damage upon your enemies.
   Str:       It affects your strength (+6).
   rF:        It protects you from fire.
   rCorr:     It protects you from acid and corrosion.
Armour
 a - a +0 robe (worn)
 l - a +2 hat (worn)
 m - a +0 pair of gloves (worn)
Jewellery
 j - a +6 ring of strength (left hand)
Scrolls
 d - 3 scrolls of enchant armour {unknown}
 g - a scroll of noise {unknown}
 i - 2 scrolls of fear {unknown}
 n - a scroll of identify {unknown}
 o - a scroll of vulnerability {unknown}
 q - a scroll of fog {unknown}
 r - a scroll of magic mapping {unknown}
 s - a scroll of teleportation {unknown}
 v - a scroll of enchant weapon {unknown}
Potions
 c - 2 potions of curing
 f - a potion of cancellation {unknown}
 h - a potion of might
 k - 2 potions of flight {unknown}
 t - a potion of degeneration {unknown}
 u - a potion of mutation {unknown}
 w - a potion of resistance {unknown}
 x - a potion of heal wounds {unknown}


   Skills:
 - Level 2.1 Dodging
 - Level 1.5 Stealth
 + Level 7.2 Spellcasting


You had 5 spell levels left.
You knew the following spells:

 Your Spells              Type           Power      Damage    Failure   Level
a - Freeze                Ice            100%       1d11      1%          1
b - Frozen Ramparts       Ice            68%        1d8       1%          3
c - Ozocubu's Armour      Ice            34%        N/A       1%          3
d - Hailstorm             Conj/Ice       34%        3d9       4%          4
e - Summon Small Mammal   Summ           100%       N/A       1%          1
f - Searing Ray           Conj           68%        2d6       1%          2
g - Ensorcelled Hibernat  Hex/Ice        68%        N/A       1%          2
Your spell library was empty.

Dungeon Overview and Level Annotations

Branches:
Dungeon (5/15)
 Temple: D:4-7

Altars:


Innate Abilities, Weirdness & Mutations

You are immune to sickness and miasma.
You are immune to poison.
Your flesh is very heat resistant. (rF++)
You are vulnerable to cold. (rC-)
You float through the air rather than walking.
You learn spells naturally, not from books.
Your magical power is your life essence.
You have superior vitality. (+4 MHP)


Message History

The searing ray hits Edmund!
Edmund is severely wounded.
Your quokka bites Edmund.
The wall freezes Edmund.
Edmund hits you with a +6 flail of holy wrath!
The searing ray hits Edmund!
Edmund is almost dead.
Your quokka barely misses Edmund.
The wall freezes Edmund.
You kill Edmund!
Your Spellcasting skill increases to level 7!
You have reached level 8!
You feel agile.
Casting: Searing Ray (safe; 1% risk of failure)
Confirm with . or Enter, or press ? or * to list all spells.
Restarting spell: Searing Ray (safe; 1% risk of failure)
Press: ? - help, Shift-Dir - straight line, f - ogre
Aim: an ogre, wielding a +0 giant club (91% to hit)
Really fire in your quokka's direction? The searing ray misses your quokka.
The searing ray hits the ogre.
The ogre is lightly wounded. (Press . to maintain the ray.) Really fire in your quokka's direction?
Okay, then.
You stop channelling your searing ray.
Your quokka bites the ogre. x2
Your quokka closely misses the ogre.
Your icy armour and frozen ramparts will break if you move.
Continue?
Your icy armour cracks and falls away as you move.
The frozen ramparts melt away as you move.
A jackal comes into view.
Found a stone staircase leading down.
The jackal barks!
Your quokka bites the ogre but does no damage.
Casting: Searing Ray (safe; 1% risk of failure)
Confirm with . or Enter, or press ? or * to list all spells.
Casting: Frozen Ramparts (safe; 1% risk of failure)
Press: ? - help, Dir - look around, f - activate The walls around you are covered in ice.
A jackal comes into view.
The wall freezes the ogre!
The ogre hits you with a +0 giant club!!
You die...

..#.#........#
#<....#
....#......###
####.###
..###.....##
..#.#
.......#.##
#.#.#
#####.##.#
####.#.#
......##.#
#......#
########+#
#.##.###
#.##.# #
.#.###@##.# #
...h...O...#
####
h...###r...#
...+ >.
+.......# ####
###....## #
#.#.## # #.###
# #.# #.


You could see an ogre (ally target), 2 jackals and a friendly quokka (summoned).

Vanquished Creatures
  Grinder (D:3)
  Edmund (D:5)
  A phantom (D:4)
  2 scorpions
  A hound (D:4)
  A centaur skeleton (D:5)
  Jessica (D:2)
  2 iguanas
  2 adders
  An ufetubus (D:4)
  A dart slug (D:4)
  4 orcs (D:4)
  6 ball pythons
  5 bats
  8 endoplasms
  4 giant cockroaches
  10 hobgoblins
  14 jackals
  4 kobolds
  2 quokkas
  3 frilled lizards
  5 goblins
  4 rats
83 creatures vanquished.

Vanquished Creatures (collateral kills)
  A jackal (D:1)
1 creature vanquished.

Grand Total: 84 creatures vanquished

Notes
Turn   | Place    | Note
-------+----------+-------------------------------------------
     0 | D:1      | xSliceyx the Djinni Ice Elementalist began the quest for
                  | the Orb.
     0 | D:1      | Reached XP level 1. HP: 15/15 MP: 0/0
   308 | D:1      | Reached XP level 2. HP: 17/21 MP: 0/0
  1045 | D:1      | Reached XP level 3. HP: 24/25 MP: 0/0
  1045 | D:1      | Learned a level 1 spell: Summon Small Mammal
  1071 | D:1      | Reached skill level 4 in Spellcasting
  1481 | D:1      | Found a faded altar of an unknown god.
  1845 | D:2      | Noticed Jessica
  1850 | D:2      | Killed Jessica
  1851 | D:2      | Reached XP level 4. HP: 16/31 MP: 0/0
  2838 | D:3      | Identified the +1 whip of Cobwebs {vorpal, rF+ rCorr Str+6}
  3027 | D:3      | Noticed Grinder
  3600 | D:3      | Reached XP level 5. HP: 34/35 MP: 0/0
  3600 | D:3      | Learned a level 2 spell: Searing Ray
  4476 | D:4      | Reached skill level 5 in Spellcasting
  4476 | D:4      | Reached XP level 6. HP: 24/40 MP: 0/0
  5522 | D:3      | Paralysed by Grinder for 5 turns
  5530 | D:3      | Paralysed by Grinder for 7 turns
  5542 | D:3      | Killed Grinder
  5543 | D:3      | Reached skill level 6 in Spellcasting
  5543 | D:3      | Reached XP level 7. HP: 12/45 MP: 0/0
  5543 | D:3      | Learned a level 2 spell: Ensorcelled Hibernation
  5792 | D:5      | Entered Level 5 of the Dungeon
  6023 | D:5      | Noticed Edmund
  6032 | D:5      | Killed Edmund
  6033 | D:5      | Reached skill level 7 in Spellcasting
  6033 | D:5      | Reached XP level 8. HP: 25/50 MP: 0/0
  6037 | D:5      | Slain by an ogre

Illustrated notes

Levels and vault maps discovered:
D:1:      nzn_arrival_depleted_hourglass, layout_loops_ring, serial_forest,
          infiniplex_forest_straight_4, infiniplex_forest_lined_2,
          infiniplex_forest_straight_1, infiniplex_forest_straight_4,
          infiniplex_forest_end_2, infiniplex_forest_lined_1,
          infiniplex_forest_end_2, infiniplex_forest_end_2,
          infiniplex_forest_pool, hellmonk_ecumenical_altar_run_dry,
          minmay_misc_feat_x
D:2:      layout_rooms, uniq_jessica
D:3:      layout_basic, minmay_misc_feat_enclosed, hangedman_decor_growths,
          uniq_grinder
D:4:      layout_rooms, kennysheep_generic_room_10
D:5:      layout_loops_corners, minmay_temple_entry_glassed_door, uniq_duvessa,
          uniq_edmund

Skill      XL: |  1  2  3  4  5  6  7 |
---------------+----------------------+-----
Spellcasting   | 4 5 6 7 |  7.2
Dodging        | |  2.1
Stealth        | |  1.5

Action                   |  1- 3 |  4- 6 |  7- 9 || total
-------------------------+-------+-------+-------++-------
Melee: Dagger            |     4 |     5 |       ||     9
       Whip              |       |     8 |       ||     8
 Cast: Freeze            |    36 |    49 |     1 ||    86
       Summon Small Mamm |     4 |     6 |     2 ||    12
       Ozocubu's Armour  |       |     6 |     1 ||     7
       Frozen Ramparts   |       |     5 |     4 ||     9
       Hailstorm         |       |     1 |       ||     1
       Searing Ray       |       |    14 |     5 ||    19
  Use: Potion            |       |     1 |       ||     1
Armor: Robe              |     4 |    45 |     3 ||    52
Dodge: Dodged            |    15 |    76 |     3 ||    94
